 Dungeon Crawl Stone Soup version 0.24-a0-201-gf205589 (webtiles) character file.

Game seed: 3374818217978364133

45 Borgoz the Cutter (level 3, 0/30 HPs)
             Began as a Ghoul Gladiator on Mar 23, 2019.
             Killed from afar by Sigmund (3 damage)
             ... with a magic dart
             ... on level 2 of the Dungeon.
             The game lasted 00:01:34 (1152 turns).

Borgoz the Cutter (Ghoul Gladiator)                 Turns: 1152, Time: 00:01:35

Health: 0/30       AC:  4    Str: 17    XL:     3   Next: 64%
Magic:  2/2        EV: 12    Int:  3    God:
Gold:   77         SH:  0    Dex: 11    Spells: 3/3 levels left

rFire    . . .     SeeInvis .   a - +0 rapier
rCold    + . .     Gourm    .   (no shield)
rNeg     + + +     Faith    .   b - +0 leather armour
rPois    ∞         Spirit   .   c - +0 helmet
rElec    .         Reflect  .   (no cloak)
rCorr    .         Harm     .   (no gloves)
MR       .....                  (no boots)
Stlth    +.........             (no amulet)
HPRegen  0.00/turn              (no ring)
MPRegen  0.08/turn              (no ring)

@: rotting
A: rotting body, claws 1, carnivore, cold resistance 1, negative energy
resistance 3, inhibited regeneration, torment resistance, unbreathing
a: no special abilities


You were on level 2 of the Dungeon.
You were not hungry.

You visited 1 branch of the dungeon, and saw 2 of its levels.

You collected 77 gold pieces.

Inventory:

Hand Weapons
 a - a +0 rapier (weapon)
Armour
 b - a +0 leather armour (worn)
 c - a +0 helmet (worn)
Scrolls
 e - 5 scrolls of identify
 h - a scroll of enchant armour {unknown}
 i - a scroll of amnesia {unknown}
 k - a scroll of teleportation {unknown}
 l - a scroll of remove curse {unknown}
Potions
 g - 2 potions of curing
 j - 2 potions of heal wounds {unknown}
 m - a potion of degeneration {unknown}
 n - a potion of cancellation {unknown}
Comestibles
 f - 2 rations
 o - a chunk of flesh


   Skills:
 + Level 2.4 Fighting
 * Level 3.1 Short Blades
 + Level 1.9 Throwing
 * Level 0.8 Armour
 * Level 3.0 Dodging
 + Level 1.0 Stealth
 + Level 0.5 Spellcasting


You had 3 spell levels left.
You didn't know any spells.
Your spell library was empty.

Dungeon Overview and Level Annotations

Branches:
Dungeon (2/15)

Altars:

Annotations:
D:2 Sigmund


Innate Abilities, Weirdness & Mutations

Your body is rotting away.
You thrive on raw meat.
You are immune to poison.
You have sharp fingernails.
You are carnivorous and can eat meat at any time.
Your flesh is cold resistant. (rC+)
You are immune to negative energy. (rN+++)
You do not regenerate when monsters are visible.
You are immune to unholy pain and torment.
You can survive without breathing.


Message History

Sigmund casts a spell at you. The puff of flame hits you.
* * * LOW HITPOINT WARNING * * *
Sigmund struggles against the net.
You catch the helpless Sigmund completely off-guard!
You hit Sigmund.
Sigmund is severely wounded.
You hit Sigmund.
Sigmund is almost dead.
Sigmund struggles against the net.
The net rips apart, and Sigmund comes free!
Throwing (i - inventory)
d - a throwing net (quivered)
Press: ? - help, Shift-Dir - straight line, f/p - Sigmund
Aim: Sigmund, wielding a +0 scythe and wearing a +0 robe (almost dead, unusually resistant)
You throw a throwing net. The throwing net hits Sigmund.
Sigmund is caught in the net!
Sigmund is almost dead.
Sigmund casts a spell at you. The magic dart hits you.
You die...

#.#.#.############
#...)..# #.......#
###.#..# #.......#
###.#..###.......#
....#....'.).....#
#####.####.......###
...# #...#.....#
#.###
#.#.###...#.#.# #.
#.#....@....... #
#.#####@#.#...# #.#
.(..# #.. #.# .####.
# #. .. # ♣. r.


You could see Sigmund (caught).

Vanquished Creatures
  An ooze (D:1)
  A dart slug (D:1)
  A leopard gecko (D:1)
  3 ball pythons (D:1)
  A giant cockroach (D:1)
  7 goblins
  7 hobgoblins
  7 bats
  5 kobolds
  3 rats
36 creatures vanquished.

Notes
Turn   | Place    | Note
-------+----------+-------------------------------------------
     0 | D:1      | Borgoz the Ghoul Gladiator began the quest for the Orb.
     0 | D:1      | Reached XP level 1. HP: 17/17 MP: 0/0
    68 | D:1      | Reached XP level 2. HP: 21/24 MP: 1/1
   348 | D:1      | Reached XP level 3. HP: 29/30 MP: 2/2
   698 | D:1      | Reached skill level 1 in Stealth
  1139 | D:2      | Noticed Sigmund
  1152 | D:2      | Killed from afar by Sigmund

Levels and vault maps discovered:
D:1:      psy_arrival_fountain, layout_loops_ring
D:2:      layout_basic, elyvilon_altar_4, uniq_sigmund

Skill      XL: |  1  2  3 |
---------------+----------+-----
Short Blades   | 3 |  3.1
Stealth        | 1 |  1.0
Dodging        | 3 |  3.0
Fighting       | |  2.4
Throwing       | |  1.9
Armour         | |  0.8
Spellcasting   | |  0.5

Action                   || total
-------------------------++-------
Melee: Rapier            ||   112
Throw: Throwing net      ||     3
  Use: Scroll            ||     2
       Potion            ||     2
 Stab: Held in net/web   ||     1
       Sleeping          ||     1
  Eat: Chunk             ||     4
Armor: Leather armour    ||    22
Dodge: Dodged            ||    76

Table legend:
 A = Non-vault XP
 B = Vault XP
 C = Vault XP percentage of total XP
 D = Non-vault monster count
 E = Vault monster count
 F = Vault count percentage of total count
                 A         B        C        D         E       F
            +---------+---------+-------+---------+---------+-------
      Total |      65 |       0 |   0.0 |      36 |       0 |   0.0
            +---------+---------+-------+---------+---------+-------
        D:1 |      55 |       0 |   0.0 |      30 |       0 |   0.0
        D:2 |      10 |       0 |   0.0 |       6 |       0 |   0.0
            +---------+---------+-------+---------+---------+-------
